 Dungeon Crawl Stone Soup version 0.31-a0-1082-g7d1fb776a8 (webtiles) character file.

Game seed: 1405024290858046277

214 Flugslaktarn the Changeling (level 5, -3/33 HPs)
             Began as an Octopode Shapeshifter on Nov 28, 2023.
             Slain by a black bear (5 damage)
             ... on level 4 of the Dungeon.
             The game lasted 00:01:32 (3047 turns).

Flugslaktarn the Changeling (Octopode Shapeshifter) Turns: 3047, Time: 00:01:33

Health: -3/33      AC:  1    Str: 13    XL:     5   Next: 92%
Magic:  14/14      EV: 13    Int: 12    God:
Gold:   203        SH:  0    Dex: 14    Spells: 4/4 levels left

rFire   . .          .
                       - Unarmed
rCold   . . .        (no shield)
rNeg    . . .        (helmet currently unavailable)
rPois   .            (no amulet)
rElec   .            p - ring of magical power
rCorr   .            (no ring)
SInv    .            (no ring)
Will    .....        (no ring)
Stlth   ++           (no ring)
HPRegen 0.25/turn    (no ring)
MPRegen 0.14/turn    (no ring)
                     (no ring)

%: no passive effects
@: beast-form
A: beast (slay +3), almost no armour, amphibious, 8 rings, camouflage 1,
gelatinous body 1, (nimble swimmer 1), tentacles
a: Begin Untransformation


You were on level 4 of the Dungeon.
You were a hulking beast.
You visited 1 branch of the dungeon, and saw 4 of its levels.

You collected 203 gold pieces.

Inventory:

Jewellery
 p - a ring of magical power (left tentacle)
   (You found it on level 3 of the Dungeon)
Talismans
 b - a beast talisman
 c - a flux talisman
Scrolls
 e - a scroll of enchant armour
 g - a scroll of immolation
 i - a scroll of poison
 k - a scroll of butterflies
 l - a scroll of fear
 n - a scroll of revelation {unknown}
 t - a scroll of teleportation
Potions
 a - a potion of lignification
 f - a potion of attraction
 m - a potion of enlightenment {unknown}
 o - a potion of degeneration {unknown}
 q - a potion of experience {unknown}


   Skills:
 - Level 1.0 Fighting
 - Level 2.0 Dodging
 - Level 3.0 Unarmed Combat
 + Level 6.0 Shapeshifting


You had 4 spell levels left.
You didn't know any spells.
Your spell library was empty.

Dungeon Overview and Level Annotations

Branches:
Dungeon (4/15)
 Temple: D:4-7

Altars:
Zin
The Shining One

Shops:
D:1 ?

Annotations:
D:2 1 runed translucent door, Crazy Yiuf
D:3 1 runed translucent door, graki42's ghost, amateur DECj


Innate Abilities, Weirdness & Mutations

You are a hulking beast.
Your limbs bulge with bestial killing power. (Slay +3)
You cannot wear most types of armour.
You are amphibious.
You can wear up to eight rings at the same time.
Your skin changes colour to match your surroundings (Stealth+).
Your rubbery body absorbs attacks. (AC +1, EV +1)
((You are camouflaged when in or above water. (Stealth+)))
You have tentacles for arms and can constrict up to eight enemies at once.


Message History

Found 7 stones.
You see here a +0 robe.
You see here 7 stones.
A worm comes into view.
A worm is nearby!
A worm is nearby!
Found 12 gold pieces.
You bludgeon the worm! You grab the worm.
The worm is moderately wounded.
You constrict the worm, but do no damage.
The worm barely misses you.
You tentacle-slap the worm. You squeeze the worm, but do no damage.
The worm is heavily wounded.
You constrict the worm.
A worm is nearby!
You tentacle-slap the worm.
The worm is severely wounded.
You constrict the worm. The worm bites you.
A worm is nearby!
You tentacle-slap the worm.
You kill the worm!
You enter the shallow water.
An ogre comes into view. It is wielding a +0 giant club.
The ogre shouts!
An ogre is nearby!
An ogre is nearby!
You tentacle-slap the ogre.
The ogre is lightly wounded.
The ogre hits you with a +0 giant club!!
Ouch! That really hurt!
* * * LOW HITPOINT WARNING * * *
You are too injured to fight recklessly!
Okay, then.
There is a stone staircase leading up here.
You climb upwards.
Level annotation: 1 runed translucent door, graki42's ghost, amateur DECj
There is a stone staircase leading down here.
There is a stone staircase leading down here.
You start resting.
HP restored.
You climb downwards.
There is a stone staircase leading up here.
You enter the shallow water.
Found a book of Geomancy.
Found a stone staircase leading up.
Found a stone staircase leading down.
No target in view!
No target in view!
You enter the shallow water.
You now have 203 gold pieces (gained 12).
A scorpion comes into view.
A scorpion is nearby!
A scorpion is nearby!
You tentacle-slap the scorpion but do no damage.
You grab the scorpion.
You constrict the scorpion, but do no damage.
The scorpion closely misses you.
You tentacle-slap the scorpion.
The scorpion is moderately wounded.
You constrict the scorpion, but do no damage.
The scorpion misses you.
You tentacle-slap the scorpion. Your squeeze misses the scorpion.
The scorpion is heavily wounded.
You constrict the scorpion, but do no damage.
The scorpion stings you but does no damage.
The scorpion barely misses you.
You tentacle-slap the scorpion but do no damage.
The scorpion is heavily wounded.
You constrict the scorpion. The scorpion misses you.
You tentacle-slap the scorpion. You squeeze the scorpion.
You kill the scorpion!
Your Shapeshifting skill increases to level 6!
No target in view!
A black bear comes into view.
Found a potion of lignification.
The black bear growls angrily.
A black bear is nearby!
A black bear is nearby!
The black bear bites you! The black bear barely misses you.
The black bear claws you.
You tentacle-slap the black bear. You grab the black bear.
The black bear is lightly wounded.
You constrict the black bear. You bludgeon the black bear!
The black bear is moderately wounded.
You constrict the black bear. The black bear bites you!
The black bear closely misses you. The black bear completely misses you.
You tentacle-slap the black bear but do no damage.
The black bear is moderately wounded.
You constrict the black bear. The black bear bites you!
* * * LOW HITPOINT WARNING * * *
The black bear misses you. The black bear claws you.
* * * LOW HITPOINT WARNING * * *
You are too injured to fight recklessly!
You tentacle-slap the black bear.
The black bear is severely wounded.
You constrict the black bear. The black bear bites you.
* * * LOW HITPOINT WARNING * * *
The black bear claws you.
You die...

.....######.####..P~~♣~P
.†...# #......~~PPP~P
.....# ######.P~PPP..
.....# #.PPPP##. .....#
######.######.# #.####
#.............# #..
#..........#### ###.
#..........# #
######h##### # #...h..#
.. #......# #. #......#
# #......# # .!......
.#......## ..#......#


You could see a black bear.

Vanquished Creatures
  2 scorpions (D:4)
  4 adders (D:2)
  3 worms
  2 orcs
  8 ball pythons
  3 bats
  5 endoplasms
  2 giant cockroaches
  4 goblins
  6 hobgoblins
  4 jackals (D:2)
  3 frilled lizards
  2 kobolds (D:1)
  11 rats
59 creatures vanquished.

Notes
Turn   | Place    | Note
-------+----------+-------------------------------------------
     0 | D:1      | Flugslaktarn the Octopode Shapeshifter began the quest for
                  | the Orb.
     0 | D:1      | Reached XP level 1. HP: 13/13 MP: 1/1
   200 | D:1      | Reached XP level 2. HP: 18/18 MP: 2/2
   344 | D:1      | Found Kyoddib's Magic Scroll Boutique.
   775 | D:2      | Reached skill level 4 in Shapeshifting
   775 | D:2      | Reached XP level 3. HP: 23/23 MP: 3/3
   882 | D:2      | Identified the +6 dagger "Ropnipat" {spect, Will+ Str+2}
  1011 | D:2      | Reached XP level 4. HP: 24/28 MP: 4/4
  1632 | D:2      | Found a runed translucent door.
  1633 | D:2      | Noticed Crazy Yiuf
  1964 | D:3      | Found a runed translucent door.
  1966 | D:3      | Noticed graki42's ghost (amateur DECj)
  2093 | D:3      | Reached skill level 5 in Shapeshifting
  2266 | D:3      | Found a glowing golden altar of the Shining One.
  2267 | D:3      | Found a glowing silver altar of Zin.
  2728 | D:4      | Noticed a scorpion
  2734 | D:4      | Killed a scorpion
  2735 | D:4      | Reached XP level 5. HP: 11/33 MP: 5/5
  2737 | D:4      | HP: 1/33 [poisoned by a scorpion]
  2882 | D:4      | Noticed an ogre
  3029 | D:4      | Reached skill level 6 in Shapeshifting
  3038 | D:4      | Noticed a black bear
  3047 | D:4      | Slain by a black bear

Illustrated notes

Levels and vault maps discovered:
D:1:      ncdulo_wetmaze, layout_basic, serial_shops, nicolae_shop_rolled_up,
          hangedman_glass_teeth, nrook_campfire
D:2:      layout_basic, minmay_misc_feat_plants, uniq_crazy_yiuf_cottage
D:3:      layout_basic, nicolae_overflow_two_pavilions, gammafunk_ghost_grave
D:4:      layout_basic, serial_rivers, chequers_serial_rivers_large_b,
          chequers_serial_rivers_micro_c, chequers_serial_rivers_micro_d,
          chequers_serial_rivers_micro_c, chequers_serial_rivers_micro_c,
          serial_bayou_lagoon_a, minmay_cupped, uniq_blork_the_orc

Skill      XL: |  1  2  3  4  5 |
---------------+----------------+-----
Shapeshifting  | 4 5 6 |  6.0
Fighting       | |  1.0
Dodging        | |  2.0
Unarmed Combat | |  3.0

Action                     |  1- 3 |  4- 6 || total
---------------------------+-------+-------++-------
  Melee: Unarmed           |    66 |    59 ||   125
         Constrict         |    16 |    17 ||    33
         Tentacles         |    11 |    11 ||    22
         Punch             |     2 |     1 ||     3
    Use: Scroll            |       |     6 ||     6
         Potion            |       |     2 ||     2
   Stab: Sleeping          |    12 |     7 ||    19
 Armour: Skin              |    18 |    24 ||    42
  Dodge: Dodged            |    26 |    28 ||    54

Table legend: (Time is in decaauts)
 A = Elapsed time spent in this place.
 B = Non-inter-level travel time spent in this place.
 C = Inter-level travel time spent in this place.
 D = Time resting spent in this place.
 E = Time spent auto-exploring this place.
 F = Levels seen in this place.
 G = Mean time per level.
                   A        B        C        D        E       F      G
               +--------+--------+--------+--------+--------+-----+--------+
         Total |   3039 |   2859 |    180 |    319 |   2103 |   4 |  759.8 |
       Dungeon |   3039 |   2859 |    180 |    319 |   2103 |   4 |  759.8 |
               +--------+--------+--------+--------+--------+-----+--------+

Top non-repeatable levels by time:
     D:2: 1029 daAuts
     D:3: 1016 daAuts
     D:1: 769 daAuts
     D:4: 224 daAuts
